 Dungeon Crawl Stone Soup version 0.27-a0-1026-gbab068f60c (webtiles) character file.

Game seed: 17511221994123153088

37 DarkShadow the Covered (level 3, -2/33 HPs)
             Began as a Minotaur Fighter on Apr 18, 2021.
             Slain by a goblin
             ... wielding a +0 club
             ... led by Robin
              (6 damage)
             ... on level 2 of the Dungeon.
             The game lasted 00:01:45 (1252 turns).

DarkShadow the Covered (Minotaur Fighter)           Turns: 1252, Time: 00:01:46

Health: -2/33      AC:  9    Str: 21    XL:     3   Next: 23%
Magic:  2/2        EV:  7    Int:  5    God:
Gold:   12         SH:  9    Dex:  9    Spells: 2/2 levels left

rFire    . . .     SeeInvis .   a - +0 long sword
rCold    . . .     Faith    .   c - +0 kite shield
rNeg     . . .     Spirit   .   b - +0 scale mail
rPois    .         Reflect  .   (helmet restricted)
rElec    .         Harm     .   h - +0 cloak
rCorr    .         Rampage  .   (no gloves)
Will     .....                  j - +0 pair of boots
Stlth    ..........             (no amulet)
HPRegen  0.11/turn              (no ring)
MPRegen  0.08/turn              (no ring)

@: no status effects
A: horns 2, retaliatory headbutt
a: no special abilities


You were on level 2 of the Dungeon.
You visited 1 branch of the dungeon, and saw 2 of its levels.

You collected 12 gold pieces.

Inventory:

Hand Weapons
 a - a +0 long sword (weapon)
Missiles
 k - a throwing net (quivered)
Armour
 b - a +0 scale mail (worn)
 c - a +0 kite shield (worn)
 h - a +0 cloak (worn)
 j - a +0 pair of boots (worn)
Scrolls
 e - a scroll of fear {unknown}
 f - a scroll of identify {unknown}
Potions
 d - a potion of might
 g - a potion of brilliance {unknown}
 i - a potion of flight {unknown}
 l - a potion of lignification {unknown}


   Skills:
 + Level 4.1 Fighting
 + Level 2.9 Long Blades
 + Level 4.2 Armour
 + Level 4.1 Shields


You had 2 spell levels left.
You didn't know any spells.
Your spell library was empty.

Dungeon Overview and Level Annotations

Branches:
Dungeon (2/15)

Altars:

Annotations:
D:2 Robin


Innate Abilities, Weirdness & Mutations

You have a pair of horns on your head.
You reflexively headbutt those who attack you in melee.


Message History

You block the goblin's attack. The goblin hits you but does no damage.
You slash the goblin!
You kill the goblin!
Robin throws the goblin at you! The goblin hits you with a +0 club.
The goblin hits you with a +0 dagger.
You closely miss the goblin.
Robin roars a battlecry!
The goblin hits you with a +0 club. The goblin hits you with a +0 dagger.
The hobgoblin hits you but does no damage.
The goblin closely misses you. The goblin hits you with a +0 dagger.
You closely miss the goblin. The hobgoblin hits you.
* * * LOW HITPOINT WARNING * * *
The goblin barely misses you.
You riposte.
You barely miss the goblin. The goblin hits you with a +0 dagger.
* * * LOW HITPOINT WARNING * * *
The hobgoblin hits you but does no damage.
You slash the goblin!
You kill the goblin!
The goblin barely misses you. You furiously retaliate!
You headbutt the goblin.
You riposte.
You closely miss the goblin. Your headbutt misses the goblin.
The goblin is heavily wounded.
Robin says, "A pitiful Minotaur like you will never find the ORB!"
Robin throws the goblin at you! The hobgoblin hits you.
* * * LOW HITPOINT WARNING * * *
You block the goblin's attack. x2
You slash the goblin!
You kill the goblin!
The hobgoblin hits you but does no damage.
The goblin hits you but does no damage.
The hobgoblin hits you but does no damage.
Robin throws the goblin at you! You block the goblin's attack.
Items here: ))) ††.
You barely miss the goblin. You headbutt the goblin.
You kill the goblin!
You block the goblin's attack.
Things that are here:
a +0 club; a goblin corpse The hobgoblin no longer looks unusually strong.
The goblin hits you with a +0 club.
You die...

.#### ..# .#..
..!# ...# ...#. #
..# #..... #.
#.##....##
##.##..#.....#
...#............#
.......<@)>......
....#####g##...##
.. #g# ..<. #gg#
.. ##J# g# .. ...
...


You could see Robin, an endoplasm, 2 hobgoblins and 2 goblins.

Vanquished Creatures
  2 ball pythons (D:1)
  4 endoplasms (D:1)
  A giant cockroach (D:1)
  9 goblins
  A hobgoblin (D:1)
  7 jackals (D:1)
  2 quokkas (D:1)
  A frilled lizard (D:1)
  A kobold (D:1)
  2 rats (D:1)
30 creatures vanquished.

Notes
Turn   | Place    | Note
-------+----------+-------------------------------------------
     0 | D:1      | DarkShadow the Minotaur Fighter began the quest for the
                  | Orb.
     0 | D:1      | Reached XP level 1. HP: 19/19 MP: 0/0
   237 | D:1      | Reached XP level 2. HP: 20/27 MP: 1/1
   887 | D:1      | Reached XP level 3. HP: 33/33 MP: 2/2
  1238 | D:2      | Noticed Robin
  1252 | D:2      | Slain by a goblin

Illustrated notes

Levels and vault maps discovered:
D:1:      psy_arrival_terrarium, layout_basic, chequers_serial_rivers_micro_d
D:2:      layout_rooms, uniq_robin

Skill      XL: |  1  2 |
---------------+-------+-----
Fighting       | 4 |  4.1
Armour         | 4 |  4.2
Shields        | 4 |  4.1
Long Blades    | |  2.9

Action                   || total
-------------------------++-------
Melee: Long sword        ||    69
       Headbutt          ||     7
Armor: Scale mail        ||    55
Dodge: Dodged            ||    26
Block: Kite shield       ||    50
       Rpst.: Long sword ||     7

Table legend: (Time is in decaauts)
 A = Elapsed time spent in this place.
 B = Non-inter-level travel time spent in this place.
 C = Inter-level travel time spent in this place.
 D = Time resting spent in this place.
 E = Time spent auto-exploring this place.
 F = Levels seen in this place.
 G = Mean time per level.
                   A        B        C        D        E       F      G
               +--------+--------+--------+--------+--------+-----+--------+
         Total |   1286 |   1286 |      0 |    299 |    736 |   2 |  643.0 |
       Dungeon |   1286 |   1286 |      0 |    299 |    736 |   2 |  643.0 |
               +--------+--------+--------+--------+--------+-----+--------+

Top non-repeatable levels by time:
     D:1: 1264 daAuts
     D:2: 21 daAuts
